 Dungeon Crawl Stone Soup version 0.29.0-11-gd7f09526c8 (webtiles) character file.

Game seed: 10549388837401592580

655 Arex the Ruffian (level 7, 0/58 HPs)
             Began as a Black Draconian Transmuter on Sept 3, 2022.
             Was an Initiate of Cheibriados.
             Slain by Grinder (2 damage)
             ... on level 5 of the Dungeon.
             The game lasted 00:10:09 (6131 turns).

Arex the Ruffian (Black Draconian Transmuter)       Turns: 6131, Time: 00:10:10

Health: 0/58       AC:  2    Str: 14    XL:     7   Next: 29%
Magic:  5/10       EV: 20    Int: 16    God:    Cheibriados [......]
Gold:   115        SH:  0    Dex: 17    Spells: 3/11 levels left

rFire   . . .      SeeInvis .     - Unarmed
rCold   . . .      Faith    .   (shield currently unavailable)
rNeg    . . .      Spirit   .   (body armour unavailable)
rPois   .          Reflect  .   (helmet currently unavailable)
rElec   .          Harm     .   (cloak currently unavailable)
rCorr   .          Rampage  .   (gloves currently unavailable)
Will    .....                   (boots currently unavailable)
Stlth   ++........              (no amulet)
HPRegen 0.19/turn               n - ring of poison resistance
MPRegen 0.12/turn               (no ring)

@: spider-form (expiring), very slow
A: venomous fangs, (breathe lightning), AC +6, tiny, unfitting armour,
(electricity resistance), (cold-blooded)
a: End Transformation, Renounce Religion


You were on level 5 of the Dungeon.
You worshipped Cheibriados.
Cheibriados was noncommittal.
You were a venomous arachnid creature.
You visited 2 branches of the dungeon, and saw 6 of its levels.

You collected 139 gold pieces.
You spent 24 gold pieces at shops.

Inventory:

Armour
 m - a +0 pair of boots (melded)
 t - a +0 cloak (melded)
 u - a +0 pair of gloves (melded)
Jewellery
 n - a ring of poison resistance (left front leg)
Scrolls
 b - a scroll of enchant weapon {unknown}
 d - a scroll of fear
 f - a scroll of teleportation
 h - a scroll of silence {unknown}
 j - a scroll of poison {unknown}
 o - 2 scrolls of immolation
 q - a scroll of noise
 s - a scroll of amnesia {unknown}
 w - a scroll of summoning {unknown}
 x - a scroll of fog {unknown}
Potions
 a - 2 potions of lignification
 c - a potion of degeneration {unknown}
 e - 6 potions of curing
 g - a potion of haste {unknown}
 i - 2 potions of magic
 k - 2 potions of might
 l - 4 potions of flight
 p - a potion of attraction {unknown}
 r - a potion of ambrosia {unknown}
 v - a potion of mutation


   Skills:
 + Level 3.8 Fighting
 + Level 3.5 Dodging
 + Level 4.6 Unarmed Combat
 - Level 2.6 Spellcasting
 + Level 3.8 Transmutations
 + Level 2.6 Poison Magic
 + Level 1.2 Invocations


You had 3 spell levels left.
You knew the following spells:

 Your Spells              Type           Power      Damage    Failure   Level
a - Beastly Appendage     Tmut           28%        N/A       13%         1
b - Spider Form           Tmut/Pois      12%        N/A       34%         3
c - Ice Form              Ice/Tmut       8%         N/A       83%         4

Your spell library contained the following spells:

 Spells                   Type           Power      Damage    Failure   Level
 Wereblood                Tmut           14%        N/A       17%         2


Dungeon Overview and Level Annotations

Branches:
Dungeon (5/15) Zot: 36225  Temple (1/1) D:5 Zot: 8785

Altars:
Ashenzari
Cheibriados
Dithmenos
Elyvilon
Fedhas
Gozag
Hepliaklqana
Makhleb
Nemelex Xobeh
Okawaru
Qazlal
Ru
Sif Muna
Trog
Uskayaw
Vehumet
Wu Jian
Xom
Yredelemnul
Zin
The Shining One

Shops:
D:5 ?

Annotations:
D:5 Grinder


Innate Abilities, Weirdness & Mutations

You are a venomous arachnid creature.
You have poisonous fangs.
You are tiny and dextrous.
Your spellcasting is less reliable in this form.
Your armour is entirely melded.
You are incapable of wielding weapons or throwing items.
((You can breathe wild blasts of lightning.))
((Your glossy black scales are hard. (AC +6)))
You cannot fit into any form of body armour.
((You are resistant to electric shocks. (rElec)))
((You are cold-blooded and may be slowed by cold attacks.))


Message History

The ice beast is lightly wounded.
You feel yourself speed up. The ice beast hits you. The ice beast freezes you.
You hit the ice beast but do no damage.
The ice beast is lightly wounded.
The ice beast barely misses you.
You hit the ice beast.
The ice beast is moderately wounded.
The ice beast hits you but does no damage.
You barely miss the ice beast.
The ice beast is moderately wounded.
Grinder gestures at you. You resist with significant effort.
The ice beast barely misses you.
Your magical contamination has completely faded away.
You barely miss the ice beast.
The ice beast is moderately wounded.
The ice beast hits you. The ice beast freezes you! Grinder gestures at you.
You struggle to resist.
You hit the ice beast.
The ice beast is heavily wounded.
The ice beast completely misses you.
You bite Grinder!
Grinder is moderately wounded.
Grinder completely misses you. The ice beast misses you.
You hit Grinder but do no damage.
Grinder is moderately wounded.
The ice beast misses you. Grinder hits you!
* * * LOW HITPOINT WARNING * * *
You writhe in agony.
* * * LOW HITPOINT WARNING * * *
You barely miss the ice beast.
The ice beast is heavily wounded.
The ice beast closely misses you. Grinder hits you!
* * * LOW HITPOINT WARNING * * *
You hit the ice beast but do no damage.
The ice beast is heavily wounded.
Your transformation is almost over.
Grinder hits you.
You die...

###.#.......#
#.#.#........... ...##
(...............###.....
...............#........
........................
........#)..............
......#.................
......#..........Y......
................s5>.....
...##...................
....##......##.##.......
...###......#..##.......
...###......##..##......
.....#......##.## #.....
...#.........#.##.#.....
.......)................
####..#.#............#


You could see Grinder and an ice beast.

Vanquished Creatures
  A black bear (D:5)
  A phantom (D:4)
  A scorpion (D:3)
  A jelly (D:4)
  4 hounds
  An orc priest (D:4)
  An iguana (D:5)
  An orc wizard (D:4)
  3 gnolls (D:5)
  8 adders
  2 worms
  4 dart slugs
  3 orcs (D:4)
  4 bats
  9 endoplasms
  A giant cockroach (D:3)
  7 hobgoblins
  4 jackals (D:2)
  6 kobolds
  3 quokkas
  6 ball pythons
  2 frilled lizards
  11 goblins
  4 rats
88 creatures vanquished.

Notes
Turn   | Place    | Note
-------+----------+-------------------------------------------
     0 | D:1      | Arex the Draconian Transmuter began the quest for the Orb.
     0 | D:1      | Reached XP level 1. HP: 16/16 MP: 3/3
   434 | D:1      | Reached XP level 2. HP: 23/23 MP: 3/5
  1170 | D:2      | Reached XP level 3. HP: 25/29 MP: 4/6
  1184 | D:2      | Learned a level 3 spell: Spider Form
  2278 | D:2      | Reached XP level 4. HP: 33/36 MP: 7/7
  3151 | D:3      | Noticed a scorpion
  3248 | D:3      | Found a faded altar of an unknown god.
  3342 | D:4      | Reached skill level 1 in Poison Magic
  3342 | D:4      | Reached XP level 5. HP: 17/42 MP: 4/8
  3608 | D:4      | Found a burning altar of Makhleb.
  3610 | D:4      | Found an ornate altar of the Wu Jian Council.
  4151 | D:4      | Found a sparkling altar of Nemelex Xobeh.
  4155 | D:4      | Noticed a phantom
  4171 | D:4      | Killed a phantom
  4172 | D:4      | Reached skill level 4 in Unarmed Combat
  4172 | D:4      | Reached XP level 6. HP: 48/51 MP: 6/9
  5092 | D:3      | Found a faded altar of an unknown god.
  5408 | D:5      | Entered Level 5 of the Dungeon
  5411 | D:5      | Found Ityusoki's Magic Scroll Shop.
  5421 | D:5      | Bought a scroll of identify for 24 gold pieces
  5504 | D:5      | Found a staircase to the Ecumenical Temple.
  5545 | Temple   | Entered the Ecumenical Temple
  5681 | Temple   | Became a worshipper of Cheibriados the Contemplative
  5835 | D:5      | Your scales start taking on a glossy black colour.
  5835 | D:5      | Reached XP level 7. HP: 28/58 MP: 4/10
  5835 | D:5      | Gained mutation: You are resistant to electric shocks.
                  | (rElec) [Black Draconian growth]
  5999 | D:4      | Learned a level 4 spell: Ice Form
  6086 | D:5      | Reached skill level 1 in Invocations
  6120 | D:5      | Noticed Grinder
  6130 | D:5      | HP: 2/58 [Grinder (10)]
  6131 | D:5      | Slain by Grinder

Illustrated notes

Levels and vault maps discovered:
D:1:      ebering_trefoil_3fold, layout_basic, grunt_decor_junction
D:2:      layout_basic, minmay_pentomino_o2
D:3:      layout_rooms, ebering_ecumenical_altar_sacrificial,
          minmay_misc_feat_five
D:4:      layout_basic, grunt_temple_overflow_open, serial_bayou_pond_c,
          kennysheep_generic_room_3
D:5:      layout_cave_pools, temple_doors_e, serial_shops, shop,
          uniq_prince_ribbit1, uniq_grinder
Temple:   nicolae_temple_no_exploring_needed

Skill      XL: |  1  2  3  4  5  6  7 |
---------------+----------------------+-----
Dodging        | 2 3 |  3.5
Fighting       | 2 3 |  3.8
Poison Magic   | 1 2 |  2.6
Transmutations | 3 |  3.8
Unarmed Combat | 4 |  4.6
Invocations    | 1 |  1.2
Spellcasting   | |  2.6

Action                   |  1- 3 |  4- 6 |  7- 9 || total
-------------------------+-------+-------+-------++-------
Melee: Unarmed           |   102 |   180 |    18 ||   300
       Kick              |    17 |    16 |       ||    33
       Headbutt          |    10 |    11 |       ||    21
       Punch             |     2 |     4 |       ||     6
       Tailslap          |    11 |    13 |       ||    24
 Cast: Beastly Appendage |    21 |    25 |       ||    46
       Spider Form       |       |     8 |     2 ||    10
  Use: Scroll            |       |     7 |       ||     7
       Potion            |       |     2 |       ||     2
 Stab: Sleeping          |       |     1 |       ||     1
Armor: Skin              |    26 |    38 |     1 ||    65
Dodge: Dodged            |    58 |   127 |    12 ||   197
